 Dungeon Crawl Stone Soup version 0.30-a0-778-g2ef04af (webtiles) character file.

Game seed: 9782477408763688255

1691409 Dwayden the Slayer (level 26, 254/254 HPs)
             Began as a Minotaur Berserker on Feb 14, 2023.
             Was a Priest of Trog.
             Escaped with the Orb
             ... and 3 runes on Feb 16, 2023!
             The game lasted 08:44:26 (69125 turns).

Dwayden the Slayer (Minotaur Berserker)            Turns: 69125, Time: 08:44:26

Health: 254/254    AC: 38    Str: 37 (38) XL:     26   Next: 94%
Magic:  7/7        EV: 11    Int:  8      God:    Trog [***...]
Gold:   5320       SH: 19    Dex:  8      Spells: 25/25 levels left

rFire   + . .      SeeInvis .    a - +12 demon trident of Doubt {antimagic, rN+ Will+}
rCold   + . .      Faith    .    D - +0 tower shield
rNeg    + . .      Spirit   .    h - +3 gold dragon scales
rPois   +          Reflect  .    V - +0 hat {Will+}
rElec   +          Harm     .    T - +4 dragonskin cloak
rCorr   +          Rampage  .    A - +3 pair of gloves of True Grit {Contam rElec Str+4 Stlth+}
Will    +++++                    k - +2 pair of boots Stlth
                                 l - amulet of Yceovoof {Regen+ Dex+3}
HPRegen 1.42/turn                S - ring of Vafuun {Fly Will+ Str+2 Dex-5 Slay+4}
MPRegen 0.10/turn                d - ring of resist corrosion

@: flying, studying Long Blades
A: horns 2, retaliatory headbutt, iridescent scales 1, clever 1, deformed body,
deterioration 1, strong-willed 1, screaming 2, wild magic 1
0: Orb of Zot
}: 3/15 runes: decaying, silver, gossamer
a: Renounce Religion, Berserk, Trog's Hand


You escaped.
You worshipped Trog.
Trog was most pleased with you.
You visited 10 branches of the dungeon, and saw 48 of its levels.
You also visited: Ossuary and Ice Cave.

You collected 7843 gold pieces.
You spent 2523 gold pieces at shops.

Inventory:

Hand Weapons
 a - the +12 demon trident of Doubt (weapon) {antimagic, rN+ Will+}
   (Trog gifted it to you on level 1 of the Spider Nest)

   rN:        It protects you from negative energy.
   Will:      It increases your willpower.
 b - a +9 broad axe of flaming
 c - the +8 trident "Lahacazyla" {heavy, rC+ Dex+2 SInv}
   (Trog gifted it to you on level 3 of the Depths)

   Dex:       It affects your dexterity (+2).
   rC:        It protects you from cold.
   SInv:      It lets you see invisible.
Missiles
 e - 7 curare-tipped darts
 s - 6 atropa-tipped darts
 x - a silver javelin
 O - 13 javelins
 Q - 3 throwing nets
 X - 6 silver boomerangs
 Y - 13 boomerangs (quivered)
Armour
 h - +3 gold dragon scales (worn)
 k - a +2 pair of boots (worn)
 A - the +3 pair of gloves of True Grit (worn) {Contam rElec Str+4 Stlth+}
   (You found it on level 4 of the Spider Nest)

   Str:       It affects your strength (+4).
   rElec:     It insulates you from electricity.
   Contam:    It causes magical contamination when unequipped.
   Stlth:     It makes you more stealthy.
 D - a +0 tower shield (worn)
 T - the +4 dragonskin cloak (worn)
   (You took it off Tiamat on level 2 of the Realm of Zot)

   Avatar's Aegis: It grants the wearer a chance to resist fire, cold, poison,
   electricity, acid, and negative energy.
 V - a +0 hat of willpower (worn)
Jewellery
 d - a ring of resist corrosion (right hand)
 l - the amulet of Yceovoof (around neck) {Regen+ Dex+3}
   (You took it off a deep elf elementalist on level 3 of the Elven Halls)

   [amulet of regeneration]

   Dex:       It affects your dexterity (+3).
   Regen:     It increases your rate of health regeneration.
 n - the ring "Anolyb" {rN+ Str+2}
   (You took it off a deep elf archer on level 3 of the Elven Halls)

   [ring of positive energy]

   Str:       It affects your strength (+2).
   rN:        It protects you from negative energy.
 S - the ring of Vafuun (left hand) {Fly Will+ Str+2 Dex-5 Slay+4}
   (You took it off a deep elf annihilator on level 3 of the Elven Halls)

   [ring of slaying]

   Str:       It affects your strength (+2).
   Dex:       It affects your dexterity (-5).
   Slay:      It affects your accuracy & damage with ranged weapons and melee
   (+4).
   Fly:       It grants you flight.
   Will:      It increases your willpower.
Wands
 f - a wand of flame (4)
 t - a wand of roots (40)
 w - a wand of polymorph (27)
 G - a wand of paralysis (47)
 K - a wand of light (32)
Scrolls
 o - 8 scrolls of poison
 p - 9 scrolls of blinking
 r - a scroll of enchant weapon
 v - 11 scrolls of fog
 F - 9 scrolls of immolation
 H - 4 scrolls of magic mapping
 L - 4 scrolls of fear
 M - 12 scrolls of teleportation
 W - 6 scrolls of silence
Potions
 g - 7 potions of mutation
 i - 3 potions of invisibility
 j - 2 potions of haste
 z - 14 potions of attraction
 B - 3 potions of cancellation
 C - 22 potions of curing
 E - 3 potions of might
 I - 7 potions of ambrosia
 J - 4 potions of resistance
Miscellaneous
 m - a condenser vane
 q - a lightning rod (4/4)
 u - a tin of tremorstones (2/2)
 U - a phantom mirror
 Z - a phial of floods


   Skills:
 + Level 23.9 Fighting
 - Level 20.3(24.1) Axes
 + Level 21.9(24.9) Polearms
 - Level 2.0(14.6) Staves
 - Level 20.0 Throwing
 - Level 23.0 Armour
 - Level 15.0 Dodging
 - Level 20.0 Shields
 - Level 1.8 Unarmed Combat
 - Level 16.0 Evocations


You had 25 spell levels left.
You didn't know any spells.
Your spell library was empty.

Dungeon Overview and Level Annotations

Branches:
Dungeon (15/15)            Temple (1/1) D:4            Lair (5/5) D:8
  Swamp (4/4) Lair:2       Spider (4/4) Lair:2        Slime (0/5) Lair:4
    Orc (2/2) D:11            Elf (3/3) Orc:2        Vaults (5/5) D:13
  Crypt (0/3) Vaults:3     Depths (4/4) D:15            Zot (5/5) Depths:4
Ossuary (visited)           IceCv (visited)

Altars:
Ashenzari
Cheibriados
Dithmenos
Elyvilon
Fedhas
Gozag
Hepliaklqana
Kikubaaqudgha
Makhleb
Nemelex Xobeh
Okawaru
Qazlal
Ru
Sif Muna
Trog
Uskayaw
Vehumet
Wu Jian
Xom
Yredelemnul
Zin
The Shining One

Shops:
D:3 :   Orc:1 *   Orc:2 [=*[   Elf:1 (   Vaults:5 ?

Portals:
Hell: Depths:1 Depths:2 Depths:3 Depths:4
Abyss: Depths:2 Depths:3 Depths:4
Pandemonium: Depths:2 Depths:3 Depths:4
Ziggurat: Depths:4

Annotations:
D:5 exclusion: downstairs
D:9 2 transporters
D:12 exclusion: 3 oklob plants
Lair:3 exclusion: 2 oklob plants
Spider:3 exclusion: downstairs
Elf:2 1 runed translucent door, exclusion: downstairs
Depths:3 exclusion: downstairs
Zot:2 exclusion: upstairs
Zot:4 1 transporter


Innate Abilities, Weirdness & Mutations

You have a pair of horns on your head.
You reflexively headbutt those who attack you in melee.
You are partially covered in iridescent scales. (AC +2)
Your mind is acute. (Int +4, Str/Dex -1)
Armour fits poorly on your strangely shaped body.
Your body sometimes deteriorates upon taking damage.
You are strong-willed. (Will+)
You frequently scream uncontrollably at your foes.
Your spells are a little harder to cast, but a little more powerful.


Message History

You see here a +0 flail.
An Orb Guardian comes into view.
Unknown command.
You reach to attack!
You closely miss the Orb Guardian. You impale the Orb Guardian!!
You headbutt the Orb Guardian.
The Orb Guardian is moderately wounded.
The Orb Guardian closely misses you.
You impale the Orb Guardian!!
The Orb Guardian is heavily wounded.
The Orb Guardian closely misses you. You furiously retaliate!
You headbutt the Orb Guardian! You impale the Orb Guardian!!
You kill the Orb Guardian!
Trog accepts your kill.
You feel yourself speed up.
There is a stone staircase leading up, spattered with blood here.
You see here 2 potions of brilliance.
You fly upwards.
There is a stone staircase leading down here.
(D) Dungeon (T) Temple (L) Lair (S) Swamp (N) Spider Nest (M) Slime Pits (O) Orcish Mines (E) Elven Halls (V) Vaults (C) Crypt (U) Depths (H) Hell (Z) Zot
Where to? (* - list waypoints, Enter - D:1 @ (x,y), ? - help)
What level of the Dungeon? (default 1, ? - help)
There is an open door here.
There is an open door here.
Your extra speed is starting to run out.
There is an open door here.
You feel yourself slow down.
There is a stone staircase leading up here.
You fly upwards.
There is a stone staircase leading down here.
A red devil comes into view. It is wielding a +0 trident.
Unknown command.
There is a stone staircase leading up here.
You fly upwards.
There is a stone staircase leading down here.
There is a staircase leading out of the dungeon here.
You have escaped!

.....[.#..####.########..>###....
.#.....#.......#.................
.#.......####..#.................
.#......## ##.#.................
##......# #.#.######...###.###
##......## ##......###...# #....
...§≈≈≈..####..≈≈≈≈..##...# #####
..≈§≈≈≈≈......≈≈≈≈.≈.##[..###
#.≈§§§≈≈......≈≈@>≈≈........#
..≈≈§≈≈§......≈≈≈≈≈≈......#.#####
...≈§≈§...##...≈≈≈≈.......#.##...
.#..§§.§.###.....................
...............#..#.##.#.#..#..#.
#######.#####.##.......#.#..#....
### #.#..##.##.........#.
#.....#.##...........
#.#.#........#.#####.


There were no monsters in sight!

Vanquished Creatures
  Tiamat (Zot:2)
  2 dread liches
  8 orbs of fire (Zot:5)
  3 ancient liches
  2 juggernauts
  Sojobo (D:15)
  6 Killer Klowns
  Vv (Zot:2)
  2 curse toes
  Margery (Depths:3)
  A caustic shrike (Depths:3)
  10 golden dragons
  Nikola (D:15)
  A bone dragon (Depths:4)
  A Tzitzimitl (Zot:4)
  Arachne (Spider:2)
  3 electric golems
  24 tentacled monstrosities
  5 liches
  Mlioglotl (Spider:2)
  Jorgrun (Spider:2)
  24 Orb Guardians
  10 titans (Vaults:5)
  3 deep elf blademasters
  Asterion (Spider:3)
  A walking divine tome (Depths:1)
  11 quicksilver dragons
  2 deep elf master archers (Elf:3)
  11 death cobs
  Frances (D:14)
  Gastronok (Lair:3)
  4 sphinxes
  17 storm dragons
  A thorn hunter (Swamp:4)
  7 shadow dragons
  2 tengu reavers
  5 draconian monks
  2 fenstrider witches (Swamp:2)
  7 fire giants
  9 frost giants
  8 draconian knights
  Roxanne (Spider:4)
  6 draconian scorchers
  Aizul (Spider:2)
  3 deep elf sorcerers
  4 iron dragons
  5 draconian shifters
  4 emperor scorpions
  14 ghost moths
  16 vault wardens
  An orc warlord (Vaults:3)
  A ghoul (Vaults:3)
  Louise (Swamp:1)
  21 ironbound preservers
  5 deep elf elementalists
  4 draconian stormcallers
  2 spriggan defenders (Depths:2)
  2 war gargoyles
  2 reapers
  7 ironbound thunderhulks
  33 very ugly things
  12 stone giants
  A vampire knight (Vaults:3)
  5 draconian annihilators
  5 deep elf demonologists
  3 eleionomae
  8 grey draconians
  11 deep elf annihilators
  6 bunyips
  9 black draconians
  11 spark wasps
  The ghost of curvature the Thaumaturge, a journeyman GnWn of Gozag (Orc:1)
  7 dire elephants (Vaults:2)
  12 green draconians
  12 yellow draconians
  18 red draconians
  A lorocyproca (Zot:2)
  17 purple draconians
  A blizzard demon (D:12)
  8 deep elf death magi
  7 white draconians
  3 crystal guardians
  13 fire dragons
  A green death (D:15)
  4 deep elf high priests
  18 ettins
  4 entropy weavers
  8 great orbs of eyes
  9 ice dragons
  11 yaktaur captains
  3 jorogumos
  28 vault guards
  3 peacekeepers
  3 ghost crabs
  2 shambling mangroves
  A catoblepas (Lair:5)
  20 hydras
  12 ironbound frosthearts
  18 centaur warriors
  Erica (D:10)
  3 ogre magi
  3 spriggan air magi
  10 alligators
  2 death knights
  16 death yaks
  11 boulder beetles
  A two-headed ogre (shapeshifter) (Depths:2)
  4 two-headed ogres
  5 tengu warriors
  2 radroaches
  Urug (D:13)
  4 deep troll shamans
  2 orc high priests (Orc:2)
  8 spriggan berserkers
  5 death scarabs (Spider:4)
  28 dancing weapons
  8 deep troll earth magi
  19 deep elf knights
  12 hell knights
  Amaemon (Lair:2)
  A skyshark (Lair:5)
  5 spriggans
  4 iron trolls
  A sixfirhy (D:9)
  5 goliath frogs
  4 sun moths
  A goliath frog (shapeshifter) (Elf:1)
  A shadow demon (D:6)
  6 pharaoh ants
  11 orb spiders
  4 spriggan druids
  65 deep trolls
  8 bog bodies
  2 glowing orange brains
  16 swamp dragons
  11 wizards
  A spectral wolf spider (Spider:4)
  16 deep elf archers
  A spectral jorogumo (Spider:4)
  A phantasmal warrior (Vaults:4)
  21 ironbound convokers
  28 deep elf pyromancers
  3 lindwurms
  17 deep elf zephyrmancers
  4 necromancers
  A steelbarb worm (shapeshifter) (Vaults:5)
  6 steelbarb worms
  3 harpies (Vaults:2)
  A broodmother zombie (Spider:4)
  5 orc knights
  A mana viper (shapeshifter) (Elf:2)
  5 will-o-the-wisps
  26 wolf spiders
  2 orc sorcerers (Orc:2)
  A stone giant zombie (Depths:1)
  7 manticores
  72 ugly things
  24 moths of wrath
  4 cyclopes
  A salamander (shapeshifter) (Vaults:5)
  The ghost of McFuzz the Cudgeller, a novice TrBe of Trog (D:5)
  A fire giant skeleton (Depths:1)
  5 elephants
  A rust devil (Depths:4)
  10 torpor snails
  18 vault sentinels
  Joseph (D:10)
  3 black mambas
  An ice statue (IceCv)
  A gargoyle (D:12)
  4 demonic crawlers
  An orange demon (Lair:2)
  16 cane toads
  An unseen horror (D:13)
  10 rime drakes
  An efreet (D:13)
  4 freezing wraiths
  9 komodo dragons
  4 tengu conjurers
  28 yaktaurs
  An ice devil (D:5)
  5 meliai
  A queen bee (Lair:3)
  9 trolls
  9 hornets
  9 polar bears
  3 hellwings
  2 spectral culicivoras (Spider:4)
  3 spectral tarantellas (Spider:4)
  2 tarantella zombies (Spider:4)
  Prince Ribbit (Lair:2)
  18 tyrant leeches
  2 spectral jumping spiders (Spider:4)
  24 tarantellas
  17 blink frogs
  15 culicivoras
  A centaur simulacrum (D:14)
  31 slime creatures
  A culicivora (shapeshifter) (Depths:3)
  27 jumping spiders
  A shadow (D:11)
  A ynoxinul (Depths:4)
  4 air elementals
  16 water elementals
  7 wraiths
  9 wyverns
  60 yaks
  2 vampires
  3 fire elementals (Elf:1)
  54 redbacks
  16 vampire mosquitoes
  5 basilisks
  2 chaos spawn
  10 wargs
  A glowing shapeshifter zombie (Depths:1)
  12 swamp worms
  Edmund (D:6)
  22 water moccasins
  A floating eye (D:12)
  23 orc warriors
  A black bear (Lair:5)
  9 swamp drakes
  A human skeleton (Depths:1)
  A black bear (shapeshifter) (D:14)
  2 sky beasts
  4 ogres
  43 wolves
  6 centaurs
  2 phantoms
  3 kobold brigands
  5 earth elementals
  2 spectral water moccasins (Lair:2)
  2 necrophages
  11 bullfrogs
  4 scorpions
  7 wights
  46 killer bees
  3 electric eels
  4 howler monkeys
  5 hounds
  25 orc priests
  A human zombie (Ossuary)
  A jelly (D:5)
  8 iguanas
  Natasha (thrice) (D:2)
  13 orc wizards
  3 mummies (Ossuary)
  12 gnolls
  10 adders
  A shadow imp (D:5)
  A white imp (D:8)
  An ufetubus (D:5)
  4 adder zombies (Ossuary)
  2 dart slugs
  63 orcs
  8 ball pythons
  3 bats
  3 endoplasms
  3 giant cockroaches
  7 goblins
  8 hobgoblins
  3 jackals
  5 quokkas
  3 frilled lizards
  2 gnoll zombies (Ossuary)
  3 goblin zombies (Ossuary)
  6 hobgoblin zombies (Ossuary)
  3 jackal zombies (Ossuary)
  23 kobolds
  3 kobold zombies (Ossuary)
  2 orc zombies (Ossuary)
  5 quokka zombies (Ossuary)
  2 rats
  3 rat zombies (Ossuary)
2149 creatures vanquished.

Vanquished Creatures (collateral kills)
  2 caustic shrikes (Depths:3)
  A Brimstone Fiend (Zot:2)
  Rupert (Orc:2)
  2 Orb Guardians (Zot:5)
  An emperor scorpion (Spider:4)
  A draconian shifter (Zot:2)
  A very ugly thing (Depths:3)
  A white draconian (Zot:2)
  A dancing weapon (Elf:2)
  A centaur warrior (D:14)
  An orc high priest (Orc:2)
  A deep elf knight (Elf:2)
  A deep troll (Vaults:4)
  A swamp dragon (Swamp:2)
  2 orc knights (Orc:2)
  2 orc sorcerers (Orc:2)
  A phantasmal warrior (Vaults:5)
  2 wolf spiders
  A deep elf pyromancer (Elf:2)
  An ugly thing (Depths:3)
  4 yaktaurs (Vaults:4)
  2 spectral tarantellas (Spider:4)
  2 tarantellas
  2 culicivoras
  A water elemental (Depths:3)
  A redback (Spider:3)
  A basilisk (Lair:3)
  A warg (Orc:2)
  An orc warrior (Orc:2)
  An ogre (Orc:2)
  An orc priest (Orc:2)
  An orc wizard (Orc:2)
  9 orcs (Orc:2)
52 creatures vanquished.

Vanquished Creatures (others)
  A dancing weapon (Elf:2)
  A deep elf zephyrmancer (Elf:1)
  2 bloated husks
  A floating eye (shapeshifter) (Elf:1)
  2 orc wizards
  An orc (Orc:2)
  An endoplasm (D:4)
  3 briar patches (Swamp:4)
  35 foxfires
  19 fungi
  49 plants
115 creatures vanquished.

Grand Total: 2316 creatures vanquished

Notes
Turn   | Place    | Note
-------+----------+-------------------------------------------
     0 | D:1      | Dwayden the Minotaur Berserker began the quest for the Orb.
     0 | D:1      | Reached XP level 1. HP: 19/19 MP: 0/0
   172 | D:1      | Reached XP level 2. HP: 20/27 MP: 1/1
   275 | D:1      | Found a faded altar of an unknown god.
   698 | D:2      | Reached XP level 3. HP: 33/33 MP: 2/2
   995 | D:2      | Reached ** piety under Trog
  1277 | D:2      | Reached skill level 5 in Axes
  1277 | D:2      | Reached XP level 4. HP: 35/41 MP: 3/3
  1411 | D:2      | Noticed Natasha
  1419 | D:2      | Killed Natasha
  1625 | D:2      | Noticed Natasha
  1631 | D:2      | Killed Natasha
  1632 | D:2      | Reached XP level 5. HP: 47/47 MP: 4/4
  1643 | D:2      | Noticed Natasha
  1652 | D:2      | Killed Natasha
  2477 | D:3      | Found Sen Muff's Vocational Training.
  2518 | D:3      | Reached skill level 5 in Fighting
  2874 | D:3      | Found a basalt altar of Yredelemnul.
  3244 | D:4      | Found a blossoming altar of Fedhas.
  3255 | D:4      | Reached XP level 6. HP: 46/56 MP: 5/5
  3691 | D:4      | Found a staircase to the Ecumenical Temple.
  3700 | Temple   | Entered the Ecumenical Temple
  4577 | D:5      | Entered Level 5 of the Dungeon
  4577 | D:5      | Found a transporter.
  4581 | D:5      | Noticed a yak
  4583 | D:5      | Noticed McFuzz's ghost (novice TrBe)
  4588 | D:5      | Found a transporter.
  4777 | D:5      | Reached skill level 5 in Armour
  4777 | D:5      | Reached XP level 7. HP: 47/62 MP: 6/6
  5194 | D:5      | Identified the +1 robe of Gravitas {rN+}
  5272 | D:5      | Reached XP level 8. HP: 63/71 MP: 7/7
  5952 | D:5      | Found a sacrificial altar of Ru.
  6304 | D:6      | Noticed Edmund
  6327 | D:6      | Killed Edmund
  6491 | D:5      | Reached skill level 10 in Axes
  6581 | D:6      | Found a radiant altar of Vehumet.
  6961 | D:6      | Reached XP level 9. HP: 12/81 MP: 8/8
  7668 | D:6      | Found a shimmering blue altar of Sif Muna.
  7885 | D:7      | Noticed a troll
  7896 | D:7      | Killed a troll
  7897 | D:7      | Reached skill level 1 in Shields
  8134 | D:7      | Found the +18 Lear's hauberk
  8335 | D:7      | Reached *** piety under Trog
  8374 | D:6      | Found a hide-covered altar of Uskayaw.
  8374 | D:6      | Found a bloodstained altar of Trog.
  9014 | D:8      | Found a sand-covered staircase.
  9022 | Ossuary  | Entered an ossuary
  9353 | D:8      | Found a staircase to the Lair.
  9438 | D:8      | Reached **** piety under Trog
  9584 | D:8      | Reached XP level 10. HP: 90/91 MP: 9/9
 10057 | D:9      | Found a transporter.
 10058 | D:9      | Found a transporter.
 10059 | D:9      | Found a transporter.
 10063 | D:9      | Found a transporter.
 10368 | D:9      | Reached skill level 1 in Evocations
 10370 | D:9      | Found a broken altar of Ashenzari.
 10370 | D:9      | Found an iron altar of Okawaru.
 10724 | D:9      | Reached skill level 5 in Shields
 10766 | D:9      | Found a snail-covered altar of Cheibriados.
 10812 | D:9      | Found a shimmering altar of Xom.
 11305 | D:5      | Killed McFuzz's ghost
 11473 | D:10     | Entered Level 10 of the Dungeon
 11489 | D:10     | Reached skill level 10 in Fighting
 11914 | D:10     | Noticed a centaur warrior
 11914 | D:10     | Noticed a manticore
 11928 | D:10     | Killed a manticore
 11929 | D:10     | Reached XP level 11. HP: 99/99 MP: 10/10
 11937 | D:10     | Killed a centaur warrior
 11968 | D:10     | Noticed an ogre mage
 11976 | D:10     | Paralysed by an ogre mage for 5 turns
 11985 | D:10     | Killed an ogre mage
 12047 | D:10     | Noticed a tengu warrior
 12061 | D:10     | Killed a tengu warrior
 12596 | D:10     | Noticed Joseph
 12612 | D:10     | Killed Joseph
 12613 | D:10     | Reached skill level 15 in Axes
 12776 | D:10     | Found a shadowy altar of Dithmenos.
 12779 | D:10     | Found a hazy altar of Hepliaklqana.
 12779 | D:10     | Noticed Erica
 12794 | D:10     | Killed Erica
 13316 | D:11     | Reached skill level 5 in Evocations
 13528 | D:11     | Found a staircase to the Orcish Mines.
 13817 | D:11     | Noticed a two-headed ogre
 13818 | D:11     | Noticed an ogre mage
 13821 | D:11     | Noticed a two-headed ogre
 13831 | D:11     | Killed an ogre mage
 13836 | D:11     | Killed a two-headed ogre
 13838 | D:11     | Killed a two-headed ogre
 13839 | D:11     | Reached XP level 12. HP: 102/112 MP: 11/11
 14694 | D:12     | Noticed a two-headed ogre
 14694 | D:12     | Noticed a boulder beetle
 14713 | D:12     | Killed a two-headed ogre
 14718 | D:12     | Killed a boulder beetle
 14719 | D:12     | Reached skill level 10 in Armour
 15614 | D:12     | Paralysed by a floating eye for 3 turns
 16047 | Lair:1   | Entered Level 1 of the Lair of Beasts
 16166 | Lair:1   | Reached ***** piety under Trog
 16391 | Lair:1   | Identified the +10 mace "Umanom" {freeze, Drain Will+
                  | Dex+2}
 16428 | Lair:1   | Noticed a boulder beetle
 16448 | Lair:1   | Killed a boulder beetle
 16956 | Lair:1   | Reached XP level 13. HP: 113/122 MP: 12/12
 17628 | Lair:2   | Received a gift from Trog
 17872 | Lair:2   | Found a hole to the Spider Nest.
 17887 | Lair:2   | Noticed Amaemon
 17919 | Lair:2   | Killed Amaemon
 18079 | Lair:2   | Found a staircase to the Swamp.
 18131 | Lair:2   | Reached skill level 10 in Shields
 18277 | Lair:2   | Noticed Prince Ribbit
 18309 | Lair:2   | Killed Prince Ribbit
 18648 | Lair:2   | You are sucked into a shaft and drop 1 floor!
 19127 | Lair:3   | Noticed Gastronok
 19168 | Lair:3   | Killed Gastronok
 19169 | Lair:3   | Reached skill level 15 in Fighting
 19698 | Lair:3   | Reached XP level 14. HP: 103/135 MP: 13/13
 19791 | Lair:3   | Received a gift from Trog
 20481 | Lair:4   | Found a snail-covered altar of Cheibriados.
 20703 | Lair:4   | Found a staircase to the Slime Pits.
 20967 | Lair:5   | Entered Level 5 of the Lair of Beasts
 22532 | Orc:1    | Entered Level 1 of the Orcish Mines
 22532 | Orc:1    | Found Wonosor's General Store.
 22546 | Orc:1    | Bought a potion of berserk rage for 70 gold pieces
 22546 | Orc:1    | Bought a potion of might for 56 gold pieces
 22546 | Orc:1    | Bought a scroll of fear for 56 gold pieces
 22546 | Orc:1    | Bought a scroll of teleportation for 42 gold pieces
 22594 | Orc:1    | Received a gift from Trog
 22622 | Orc:1    | Found a transporter.
 22749 | Orc:1    | Found a transporter.
 22755 | Orc:1    | Noticed curvature's ghost (journeyman GnWn)
 23028 | Orc:1    | Killed curvature's ghost
 23081 | Orc:1    | Identified the ring "Kacracuqu" {Will+ AC+4}
 23090 | Orc:1    | Identified the +3 broad axe of Paiwutz {venom, rElec Dex+2}
 23129 | Orc:2    | Entered Level 2 of the Orcish Mines
 23168 | Orc:2    | Noticed Rupert
 23175 | Orc:2    | Killed Rupert
 23281 | Orc:2    | Reached XP level 15. HP: 105/141 MP: 14/14
 23308 | Orc:2    | Found a frozen archway.
 23317 | IceCv    | Entered an ice cave
 23567 | IceCv    | Received a gift from Trog
 23987 | IceCv    | Noticed a frost giant
 24003 | IceCv    | Killed a frost giant
 24128 | IceCv    | Found the +8 frozen axe "Frostbite" {freeze, freezing
                  | cloud, *Noise Fly rC+}
 24373 | Orc:2    | Found a staircase to the Elven Halls.
 24500 | Orc:2    | Found Xoevevur's Jewellery Emporium.
 24500 | Orc:2    | Found Ywuehuih's Armour Emporium.
 24504 | Orc:2    | Found Ysee's Antique Armour Boutique.
 24504 | Orc:2    | Found Syff's General Store.
 24511 | Orc:2    | Bought a +1 plate armour of fire resistance for 525 gold
                  | pieces
 24513 | Orc:2    | Bought a wand of paralysis (5) for 192 gold pieces
 24513 | Orc:2    | Bought an amulet of regeneration for 480 gold pieces
 24513 | Orc:2    | Bought a wand of roots (7) for 268 gold pieces
 25130 | Orc:2    | Bought a ring of poison resistance for 240 gold pieces
 25738 | D:13     | Received a gift from Trog
 25798 | D:13     | Found a gate to the Vaults.
 26116 | D:13     | Noticed Urug
 26124 | D:13     | Killed Urug
 26508 | D:14     | Noticed Frances
 26524 | D:14     | Killed Frances
 27078 | D:15     | Entered Level 15 of the Dungeon
 27267 | D:15     | Reached XP level 16. HP: 155/155 MP: 15/15
 27954 | D:15     | Reached skill level 15 in Shields
 27978 | D:15     | Found a staircase to the Depths.
 28287 | Spider:1 | Entered Level 1 of the Spider Nest
 28289 | Spider:1 | Reached skill level 15 in Armour
 28537 | Spider:1 | Identified the +12 demon trident of Doubt {antimagic, rN+
                  | Will+} (Trog gifted it to you on level 1 of the Spider
                  | Nest)
 28537 | Spider:1 | Received a gift from Trog
 28741 | Spider:1 | Reached skill level 1 in Polearms
 29103 | Spider:1 | Identified the +0 pair of gloves "Sapto" {rC++ Str-3}
 29351 | Spider:2 | Noticed Aizul
 29366 | Spider:2 | Killed Aizul
 29368 | Spider:2 | Noticed Mlioglotl
 29376 | Spider:2 | Killed Mlioglotl
 29453 | Spider:2 | Noticed Arachne
 29462 | Spider:2 | Reached skill level 5 in Polearms
 29469 | Spider:2 | Killed Arachne
 29630 | Spider:2 | Noticed Jorgrun
 29643 | Spider:2 | Killed Jorgrun
 29912 | Spider:2 | Received a gift from Trog
 30668 | Spider:3 | Reached skill level 10 in Polearms
 30668 | Spider:3 | Reached XP level 17. HP: 41/166 MP: 0/16
 30833 | Spider:3 | Noticed Asterion
 30857 | Spider:3 | Killed Asterion
 31654 | Spider:3 | Identified the +8 plate armour of Conscience {Harm Int+2}
 31716 | Spider:4 | Entered Level 4 of the Spider Nest
 31770 | Spider:4 | Identified Roxanne's Volume of Therianthropy
 31770 | Spider:4 | Noticed Roxanne
 32723 | Spider:4 | Killed Roxanne
 33324 | Spider:4 | Reached skill level 10 in Evocations
 33324 | Spider:4 | Reached XP level 18. HP: 167/167 MP: 5/17
 33352 | Spider:4 | Got a gossamer rune of Zot
 33355 | Spider:4 | Identified the +3 pair of gloves of True Grit {Contam rElec
                  | Str+4 Stlth+}
 33620 | Swamp:1  | Entered Level 1 of the Swamp
 33620 | Swamp:1  | Noticed Louise
 33627 | Swamp:1  | Killed Louise
 33675 | Swamp:1  | Received a gift from Trog
 33806 | Swamp:1  | Reached skill level 15 in Polearms
 34174 | Swamp:1  | Identified the +1 rapier of Luxury {drain, rN+ rCorr
                  | Stlth-}
 34260 | Swamp:1  | Reached XP level 19. HP: 182/184 MP: 6/18
 34645 | Swamp:2  | Identified the -1 pair of gloves of Divine Compulsion
                  | {Str+4 Int+4}
 35879 | Swamp:4  | Entered Level 4 of the Swamp
 36694 | Swamp:4  | Received a gift from Trog
 37087 | Swamp:4  | Got a decaying rune of Zot
 37581 | Vaults:1 | Entered Level 1 of the Vaults
 38321 | Vaults:1 | Received a gift from Trog
 38321 | Vaults:1 | Reached ****** piety under Trog
 38383 | Vaults:1 | Identified the +4 morningstar "Offitup" {vamp, Dex+2}
 39218 | Vaults:2 | Reached XP level 20. HP: 193/193 MP: 6/19
 39262 | Vaults:2 | Received a gift from Trog
 40620 | Vaults:2 | Received a gift from Trog
 42007 | Vaults:3 | Received a gift from Trog
 43000 | Vaults:3 | Identified the +1 dagger of the Orcish Mines {chaos, rF-
                  | rC+++ Str-2 SInv}
 43265 | Vaults:3 | Reached XP level 21. HP: 164/204 MP: 6/20
 43379 | Vaults:3 | Found a staircase to the Crypt.
 43486 | Vaults:4 | Received a gift from Trog
 43493 | Vaults:4 | Reached skill level 5 in Dodging
 43762 | Vaults:4 | HP: 6/205 [yaktaur/bolt[a vault warden] (15)]
 43953 | Vaults:4 | Identified the +2 chain mail of Apathy {rF+ Int+2}
 44459 | Vaults:4 | Identified the +3 scale mail of a volcano {-Tele Slay+5}
 44610 | Vaults:4 | Received a gift from Trog
 44774 | Vaults:4 | Reached skill level 10 in Dodging
 45288 | Elf:1    | Entered Level 1 of the Elven Halls
 45356 | Elf:1    | Reached skill level 1 in Throwing
 45680 | Elf:1    | Paralysed by an air elemental for 1 turns
 45686 | Elf:1    | Paralysed by an air elemental for 1 turns
 45868 | Elf:1    | Received a gift from Trog
 45883 | Elf:1    | Found Giexzy's Antique Weapon Shoppe.
 46344 | Elf:2    | Reached skill level 5 in Throwing
 46687 | Elf:2    | Paralysed by an air elemental for 1 turns
 46756 | Elf:2    | Found a runed translucent door.
 46773 | Elf:2    | Found a runed translucent door.
 47014 | Elf:2    | Received a gift from Trog
 47339 | Elf:2    | Reached XP level 22. HP: 215/215 MP: 7/21
 47534 | Elf:3    | Entered Level 3 of the Elven Halls
 48126 | Elf:3    | Reached skill level 10 in Throwing
 48269 | Elf:3    | Received a gift from Trog
 48621 | Elf:3    | Identified the ring "Anolyb" {rN+ Str+2}
 48908 | Elf:3    | Identified the amulet of Yceovoof {Regen+ Dex+3}
 48993 | Elf:3    | Identified the ring of Vafuun {Fly Will+ Str+2 Dex-5
                  | Slay+4}
 49132 | Elf:3    | Identified the +8 chain mail of Ethics {Drain rC+++ rCorr
                  | Dex+3}
 49177 | Elf:3    | Identified the +3 mace of the End of Times {freeze, Will-
                  | Int+8 Stlth-}
 49379 | Elf:3    | Received a gift from Trog
 49703 | Elf:3    | Identified the +0 ring mail of Zayc Soi {Will+}
 50018 | Depths:1 | Entered Level 1 of the Depths
 50018 | Depths:1 | Noticed Nikola
 50020 | Depths:1 | Noticed Sojobo
 50027 | Depths:1 | Paralysed by an air elemental for 1 turns
 50232 | D:15     | Killed Nikola
 50313 | D:15     | Killed Sojobo
 50647 | Depths:1 | Found a gateway to Hell.
 51284 | Depths:1 | Found a hazy altar of Hepliaklqana.
 51531 | Depths:2 | Received a gift from Trog
 51619 | Depths:2 | Found a broken altar of Ashenzari.
 51859 | Depths:2 | Found a one-way gate to the infinite horrors of the Abyss.
 51956 | Depths:2 | Found a one-way gate leading to the halls of Pandemonium.
 52459 | Depths:2 | Identified the +4 chain mail "Jaresuif" {rPois SInv}
 52495 | Depths:2 | Reached XP level 23. HP: 223/223 MP: 7/22
 52836 | Depths:2 | Found a stormy altar of Qazlal.
 53011 | Depths:3 | Noticed Margery
 53028 | Depths:3 | Killed Margery
 53128 | Depths:3 | Noticed a caustic shrike
 53164 | Depths:2 | Received a gift from Trog
 53263 | Depths:3 | Noticed a caustic shrike
 53265 | Depths:3 | Noticed a caustic shrike
 53274 | Depths:3 | Killed a caustic shrike
 53275 | Depths:3 | Killed a caustic shrike
 53278 | Depths:3 | Killed a caustic shrike
 54138 | Depths:4 | Entered Level 4 of the Depths
 54138 | Depths:4 | Found a blossoming altar of Fedhas.
 54156 | Depths:4 | Noticed a juggernaut
 54168 | Depths:3 | Killed a juggernaut
 54435 | Depths:4 | Found a one-way gateway to a ziggurat.
 54556 | Depths:3 | Identified the +8 trident "Lahacazyla" {heavy, rC+ Dex+2
                  | SInv} (Trog gifted it to you on level 3 of the Depths)
 54556 | Depths:3 | Received a gift from Trog
 54849 | Depths:4 | Noticed a juggernaut
 55028 | Depths:4 | Killed a juggernaut
 55944 | Depths:4 | Reached skill level 15 in Throwing
 56141 | Depths:4 | Found a gate to the Realm of Zot.
 56655 | Vaults:5 | Entered Level 5 of the Vaults
 56664 | Vaults:5 | Reached XP level 24. HP: 116/235 MP: 8/22
 56889 | Vaults:5 | Received a gift from Trog
 56991 | Vaults:5 | Noticed an ancient lich
 57004 | Vaults:5 | Killed an ancient lich
 57158 | Vaults:5 | Noticed a dread lich
 57164 | Vaults:5 | Killed a dread lich
 57594 | Vaults:5 | Found Ydeleom's Magic Scroll Shoppe.
 57618 | Vaults:5 | Bought a scroll of blinking for 165 gold pieces
 57618 | Vaults:5 | Bought 3 scrolls of fog for 264 gold pieces
 57618 | Vaults:5 | Bought a scroll of magic mapping for 165 gold pieces
 57701 | Vaults:5 | Identified the +4 sling of Strategic Superiority {freeze,
                  | rPois rF- Dex-2 Stlth+}
 57956 | Vaults:5 | Identified the +8 flail of the Omega Point {venom, rCorr}
 58023 | Vaults:5 | Identified the +1 war axe "X" {freeze, Fly rElec Str+3
                  | Dex+4}
 58486 | Vaults:5 | Received a gift from Trog
 59030 | Vaults:5 | Identified the +1 pair of boots of Biphiexo {Harm rN+}
 59248 | Vaults:5 | Got a silver rune of Zot
 59309 | Vaults:5 | Gained mutation: Your spells are a little easier to cast,
                  | but a little less powerful. [mutagenic glow]
 59689 | Zot:1    | Entered Level 1 of the Realm of Zot
 60162 | Zot:1    | Reached XP level 25. HP: 243/243 MP: 22/22
 60646 | Zot:2    | Noticed Vv
 60686 | Zot:2    | Killed Vv
 61333 | Zot:2    | Reached skill level 15 in Evocations
 61843 | Zot:2    | Found the +4 dragonskin cloak
 61843 | Zot:2    | Noticed Tiamat
 61883 | Zot:2    | Killed Tiamat
 61900 | Zot:2    | Received a gift from Trog
 62420 | Zot:3    | Noticed a Killer Klown
 62588 | Zot:3    | Killed a Killer Klown
 64240 | Zot:5    | Entered Level 5 of the Realm of Zot
 64730 | Zot:4    | Reached XP level 26. HP: 247/250 MP: 7/22
 65305 | Zot:4    | Found a transporter.
 65306 | Zot:4    | Found the +7 sceptre of Torment {pain, torment}
 65385 | Zot:4    | Found a transporter.
 65399 | Zot:4    | Noticed an orb of fire
 65403 | Zot:4    | Gained mutation: You occasionally shout uncontrollably at
                  | your foes. [mutagenic glow]
 65411 | Zot:4    | Lost mutation: Your spells are a little easier to cast, but
                  | a little less powerful. [potion of mutation]
 65411 | Zot:4    | Lost mutation: You occasionally shout uncontrollably at
                  | your foes. [potion of mutation]
 65411 | Zot:4    | Gained mutation: Your flesh is cold resistant. (rC+)
                  | [potion of mutation]
 65411 | Zot:4    | Lost mutation: Your flesh is cold resistant. (rC+) [potion
                  | of mutation]
 65434 | Zot:4    | Gained mutation: Your spells are a little easier to cast,
                  | but a little less powerful. [mutagenic glow]
 66039 | Zot:5    | Noticed an orb of fire
 66040 | Zot:5    | Noticed an ancient lich
 66051 | Zot:5    | Noticed an ancient lich
 66130 | Zot:5    | Killed an orb of fire
 66150 | Zot:4    | Killed an ancient lich
 66341 | Zot:5    | Noticed an orb of fire
 66344 | Zot:5    | Gained mutation: Your body sometimes deteriorates upon
                  | taking damage. [an orb of fire]
 66347 | Zot:5    | Gained mutation: Your mind is acute. (Int +4, Str/Dex -1)
                  | [an orb of fire]
 66363 | Zot:5    | Killed an orb of fire
 66399 | Zot:5    | Noticed an orb of fire
 66460 | Zot:4    | Lost mutation: Your mind is acute. (Int +4, Str/Dex -1)
                  | [potion of mutation]
 66460 | Zot:4    | Lost mutation: Your body sometimes deteriorates upon taking
                  | damage. [potion of mutation]
 66460 | Zot:4    | Lost mutation: Your spells are a little easier to cast, but
                  | a little less powerful. [potion of mutation]
 66460 | Zot:4    | Gained mutation: You are frail. (-10% HP) [potion of
                  | mutation]
 66460 | Zot:4    | Gained mutation: Potions are less effective at restoring
                  | your health. [potion of mutation]
 66460 | Zot:4    | Gained mutation: You are weak. (Str -2) [potion of
                  | mutation]
 66461 | Zot:4    | Lost mutation: Potions are less effective at restoring your
                  | health. [potion of mutation]
 66461 | Zot:4    | Lost mutation: You are weak. (Str -2) [potion of mutation]
 66461 | Zot:4    | Gained mutation: You have an increased reservoir of magic.
                  | (+10% MP) [potion of mutation]
 66461 | Zot:4    | Gained mutation: Your body sometimes deteriorates upon
                  | taking damage. [potion of mutation]
 66461 | Zot:4    | Gained mutation: Your mind is acute. (Int +4, Str/Dex -1)
                  | [potion of mutation]
 66462 | Zot:4    | Lost mutation: You have an increased reservoir of magic.
                  | (+10% MP) [potion of mutation]
 66462 | Zot:4    | Lost mutation: Your body sometimes deteriorates upon taking
                  | damage. [potion of mutation]
 66462 | Zot:4    | Lost mutation: You are frail. (-10% HP) [potion of
                  | mutation]
 66462 | Zot:4    | Gained mutation: You are strong-willed. (Will+) [potion of
                  | mutation]
 66462 | Zot:4    | Gained mutation: Your spells are a little harder to cast,
                  | but a little more powerful. [potion of mutation]
 66462 | Zot:4    | Gained mutation: You are partially covered in iridescent
                  | scales. (AC +2) [potion of mutation]
 66487 | Zot:5    | Gained mutation: Armour fits poorly on your strangely
                  | shaped body. [an orb of fire]
 66491 | Zot:5    | Killed an orb of fire
 66661 | Zot:5    | Noticed a dread lich
 66670 | Zot:5    | HP: 12/250 [Orb Guardian (43)]
 66671 | Zot:5    | HP: 1/250 [electric golem/bolt of lightning (12)]
 66680 | Zot:5    | HP: 10/250 [electric golem/bolt of lightning (7)]
 66695 | Zot:5    | Reached skill level 15 in Dodging
 66878 | Zot:5    | Reached skill level 1 in Staves
 66878 | Zot:5    | Reached skill level 1 in Unarmed Combat
 66884 | Zot:5    | Killed a dread lich
 67295 | Zot:5    | Noticed an orb of fire
 67296 | Zot:5    | Gained mutation: You occasionally shout uncontrollably at
                  | your foes. [an orb of fire]
 67307 | Zot:5    | Killed an orb of fire
 67323 | Zot:5    | Noticed an orb of fire
 67623 | Zot:5    | Noticed an orb of fire
 67646 | Zot:5    | Killed an orb of fire
 67797 | Zot:5    | Noticed an orb of fire
 67803 | Zot:5    | Gained mutation: Your body sometimes deteriorates upon
                  | taking damage. [an orb of fire]
 67825 | Zot:5    | Killed an orb of fire
 67894 | Zot:5    | Identified the +5 scimitar of Kykidgh {antimagic, Fragile
                  | +Blink rPois rF+}
 68043 | Zot:5    | Killed an orb of fire
 68067 | Zot:5    | Noticed an orb of fire
 68084 | Zot:5    | Killed an orb of fire
 68322 | Zot:5    | Got the Orb of Zot
 68437 | Zot:4    | Killed an ancient lich
 68441 | Zot:4    | Gained mutation: You frequently scream uncontrollably at
                  | your foes. [a neqoxec]
 68649 | Depths:3 | Noticed Min Gaaw the pandemonium lord
 68727 | D:14     | Noticed Uthomp the pandemonium lord
 68947 | D:6      | Noticed Zeele the pandemonium lord
 69125 | D:$      | Escaped with the Orb!

Illustrated notes

Levels and vault maps discovered:
D:1:      dpeg_arrival_pits, layout_loops_cross,
          shapermc_ecumenical_altar_pompeii, eino_curves_01,
          minmay_misc_feat_tiny, minmay_pentomino_s4
D:2:      layout_basic, uniq_natasha
D:3:      layout_basic, lemuel_coloured_pillars_altar, nicolae_shop_vocational
D:4:      layout_loops_ring, old_standard_altar, lemuel_temple_firewalk_b
D:5:      layout_loops_ring, nicolae_ru_path_of_blood, gammafunk_ghost_arena,
          minmay_increasing_density
D:6:      layout_rooms, mainiacjoe_overflow_catwalk,
          mainiacjoe_overflow_six_doors_small, nicolae_overflow_hidden_temple,
          uniq_edmund
D:7:      layout_basic, chequers_serial_rivers_room_b,
          hellmonk_guarded_unrand_lears
D:8:      layout_cave_pods, dpeg_oklobed_lair, nicolae_ossuary_entry_plus
D:9:      layout_loops_corners, mainiacjoe_overflow_boulevard,
          mainiacjoe_overflow_paths, jmf_multi_god_temple,
          nicolae_diode_quadrants
D:10:     minmay_bloctagon_deflated, layout_loops_corners,
          riverfiend_overflow_shadow_ancestor, uniq_joseph, uniq_erica
D:11:     layout_gridville, david_orc_4
D:12:     layout_rooms, disabler_island
D:13:     layout_big_octagon, skrybe_vaults_entry_preservation, uniq_urug
D:14:     layout_gridville, chequers_garden, uniq_frances
D:15:     grunt_enter_depths_hoard, layout_loops_ring,
          nicolae_figureground_sparkle
Temple:   compressed_dpeg_triangle_lava_temple
Lair:1:   layout_misc_corridors, beast_lair_carwin_8, grunt_megastairs_1
Lair:2:   layout_loops_ring, nicolae_swamp_entry_spooky,
          hellmonk_spider_entry_not_the_bees, st_stairs_9, grunt_megastairs_5,
          serial_bayou_shore_a, infiniplex_staircase_pool_2, uniq_amaemon,
          uniq_prince_ribbit2
Lair:3:   regret_index_harrowing_hell_hive, layout_big_grid,
          lemuel_fruit_fields, uniq_gastronok
Lair:4:   layout_big_grid, slime_entry_1, kennysheep_snail_temple
Lair:5:   grunt_lair_end_beastmaster, layout_regular_city
Swamp:1:  layout_basic_swamp, infiniplex_staircase_pool, uniq_louise
Swamp:2:  layout_falls_marsh, nicolae_swamp_round_clearing, swamp_pool5
Swamp:3:  layout_basic_swamp, evilmike_swamp_ruin_house_3
Swamp:4:  swamp_basic_johnstein, layout_basic_swamp, swamp_pool1,
          nicolae_swamp_bunyip_nook
Spider:1: layout_spider_delve, hellmonk_motheaten_closet
Spider:2: layout_spider_delve, hangedman_stitches_earthworm, uniq_mlioglotl,
          uniq_arachne, uniq_jorgrun, uniq_aizul
Spider:3: layout_spider_delve, nicolae_arachne_temple, uniq_asterion
Spider:4: floodkiller_spider_rune_tomb, uniq_roxanne
Orc:1:    layout_caves, basic_altar, gammafunk_ghost_berserking_beasts,
          serial_shops, shop, lemuel_statue_altar
Orc:2:    st_orc_elflike, layout_caves, portal_ice_cave_rime, uniq_rupert
Elf:1:    layout_geoelf_grid, serial_shops, nicolae_take_the_stairs,
          minmay_elf_crystal_hexagon, st_stairs_3
Elf:2:    nicolae_elf_blades_splatter_lattice
          [nicolae_blade_entry_splitting_headache], layout_loops_cross, hex_tiny
Elf:3:    grunt_elf_hall_asides, layout_gridlike
Vaults:1: nicolae_vaults_three_branches, v_misc_14, vaults_dpeg_spiral,
          grunt_vaults_hallway_short, v_misc_16, vaults_dpeg_ring,
          nicolae_vaults_little_squares_3, vaults_room_stairs_pillars,
          layout_vaults_omnigrid
Vaults:2: hangedman_vaults_hat, nicolae_vaults_shelves_hall,
          nicolae_vaults_windows_and_doors_thing, nicolae_vaults_asterisk,
          vaults_room_boxed, grunt_vaults_focal, st_cells,
          nicolae_vaults_what_the_h, hangedman_vaults_stream, v_pattern_5,
          ontoclasm_vaults_hangar, nicolae_vaults_asterisk,
          layout_vaults_chaotic_city
Vaults:3: v_misc_18, minmay_crypt_entry_simple_box, v_misc_16,
          ontoclasm_vaults_fault, v_rooms_1, vaults_room_stairs_pillars,
          v_misc_1, v_misc_25, ontoclasm_vaults_gallery, vaults_room_semicircle,
          layout_vaults_big_cross
Vaults:4: ontoclasm_vaults_gateway, nicolae_vaults_arrows,
          vaults_room_semicircle, v_misc_1, ontoclasm_vaults_twist,
          vaults_room_octagon, v_misc_13, nicolae_vaults_little_squares_2,
          v_misc_5, nicolae_vaults_little_squares_2, vaults_room_door_hall,
          v_pattern_1, layout_vaults_maze_snakey
Vaults:5
Depths:1: layout_gridlike, serial_glass, glass_columns_c, glass_columns_b,
          hell_entry, nzn_hepliaklqana_mist_gate, minivault_14,
          minmay_microvault, uniq_nikola, uniq_sojobo
Depths:2: minmay_bloctagon, layout_basic, grunt_hell_entry_dis_mu,
          nicolae_qazlal_eye_of_the_storm, abyss_entry, rand_demon_pan_entry_8,
          cheibrodos_ashenzari_chains
Depths:3: wad_courtyard, layout_cave_pools, grunt_pan_entry_zigzag,
          grunt_metal_band, abyss_entry_small_statue_room
Depths:4: grunt_zot_entry_hairpin, layout_long_grid, ziggurat_fallback,
          abyss_entry, hell_entry, rand_demon_pan_entry_3, fedhas_altar_2
Zot:1:    layout_misc_corridors, hangedman_zot_wheel_spokes
Zot:2:    ebering_greatest_show_in_zot, layout_basic, uniq_vv, uniq_tiamat
Zot:3:    layout_basic, st_small_dragon_hoard_4
Zot:4:    gammafunk_its_a_trap, layout_onion_interference
Zot:5:    layout_basic, st_stairs_7

Skill      XL: |  1  2  3  4  5  6  7  8  9 10 11 12 13 14 15 16 17 18 19 20 21 22 23 24 25 26 |
---------------+-------------------------------------------------------------------------------+-----
Axes           | 4 5 6 7 8 10 12 14 16 18 19 20 | 20.3
Fighting       | 4 5 6 7 9 10 11 13 15 17 18 19 20 21 22 23 | 23.9
Armour         | 3 4 5 6 7 8 9 10 12 14 15 17 18 19 20 21 23 | 23.0
Shields        | 3 5 6 8 12 14 15 17 18 19 20 | 20.0
Evocations     | 3 5 8 9 10 11 12 14 15 16 | 16.0
Polearms       | 10 14 15 16 18 19 20 21 | 21.9
Dodging        | 4 10 15 | 15.0
Throwing       | 9 12 15 17 20 | 20.0
Staves         | 2 |  2.0
Unarmed Combat | 1 |  1.8

Action                     |  1- 3 |  4- 6 |  7- 9 | 10-12 | 13-15 | 16-18 | 19-21 | 22-24 | 25-27 || total
---------------------------+-------+-------+-------+-------+-------+-------+-------+-------+-------++-------
  Melee: Hand axe          |    70 |   127 |   205 |       |       |       |       |       |       ||   402
         Headbutt          |     7 |    18 |    66 |   130 |   233 |   213 |   377 |   362 |   266 ||  1672
         Punch             |       |     1 |     2 |       |       |       |       |       |       ||     3
         War axe           |       |       |   175 |   182 |       |       |       |       |       ||   357
         Battleaxe         |       |       |    10 |       |       |       |       |       |       ||    10
         Broad axe         |       |       |       |   410 |   972 |   319 |   265 |   112 |    64 ||  2142
         Demon trident     |       |       |       |       |       |   731 |  1521 |  1355 |   976 ||  4583
         Trident           |       |       |       |       |       |       |       |    48 |    65 ||   113
         Unarmed           |       |       |       |       |       |       |       |       |    14 ||    14
  Throw: Stone             |     7 |     8 |     1 |       |       |       |       |       |       ||    16
         Dart              |       |       |    10 |     7 |     3 |     1 |       |     4 |       ||    25
         Javelin           |       |       |       |       |       |       |     5 |       |     4 ||     9
         Boomerang         |       |       |       |       |       |       |       |   213 |    99 ||   312
 Invoke: Berserk           |     3 |     5 |    13 |     6 |     7 |     6 |     2 |     6 |     3 ||    51
         Trog's Hand       |       |     1 |       |     2 |     1 |     1 |     2 |     3 |     4 ||    14
         Brothers in Arms  |       |       |       |       |     6 |     7 |     7 |    11 |    15 ||    46
  Evoke: Wand              |       |       |       |     2 |     4 |    33 |    37 |    14 |     6 ||    96
         Condenser vane    |       |       |       |       |       |       |       |     5 |     1 ||     6
         Box of beasts     |       |       |       |       |       |       |       |     2 |       ||     2
         Phantom mirror    |       |       |       |       |       |       |       |     1 |     1 ||     2
         Phial of floods   |       |       |       |       |       |       |       |     1 |       ||     1
         Lightning rod     |       |       |       |       |       |       |       |     1 |       ||     1
         Tin of tremorston |       |       |       |       |       |       |       |     3 |     2 ||     5
    Use: Scroll            |       |     5 |    12 |     5 |    17 |    10 |     7 |     5 |    10 ||    71
         Potion            |       |       |     2 |     2 |     1 |    15 |     5 |     2 |    19 ||    46
   Stab: Paralysed         |       |       |       |       |     2 |       |     3 |       |       ||     5
         Distracted        |       |       |       |       |       |     1 |       |     1 |       ||     2
         Invisible         |       |       |       |       |       |       |       |     2 |       ||     2
 Armour: Leather armour    |     6 |       |       |       |       |       |       |       |       ||     6
         Animal skin       |     2 |       |       |       |       |       |       |       |       ||     2
         Scale mail        |     1 |    10 |       |       |     7 |       |       |       |       ||    18
         Chain mail        |       |    39 |   160 |   337 |   347 |       |       |       |       ||   883
         Plate armour      |       |       |    10 |       |    80 |   631 |   524 |   420 |       ||  1665
         Skin              |       |       |       |       |       |    50 |       |       |     1 ||    51
         Gold dragon scale |       |       |       |       |       |       |       |    13 |   441 ||   454
  Dodge: Dodged            |    38 |    58 |   155 |   169 |   243 |   221 |   228 |   253 |   206 ||  1571
  Block: Buckler           |       |       |    20 |    18 |       |       |       |       |       ||    38
         Kite shield       |       |       |       |   163 |   460 |   445 |       |       |       ||  1068
         Tower shield      |       |       |       |       |       |   100 |   927 |   725 |   575 ||  2327

Table legend: (Time is in decaauts)
 A = Elapsed time spent in this place.
 B = Non-inter-level travel time spent in this place.
 C = Inter-level travel time spent in this place.
 D = Time resting spent in this place.
 E = Time spent auto-exploring this place.
 F = Levels seen in this place.
 G = Mean time per level.
                   A        B        C        D        E       F      G
               +--------+--------+--------+--------+--------+-----+--------+
         Total |  68233 |  63730 |   4503 |  13749 |  28724 |  50 | 1364.7 |
       Dungeon |  19995 |  17846 |   2149 |   4000 |   9351 |  15 | 1333.0 |
        Temple |    299 |    281 |     18 |      0 |    274 |   1 |  299.0 |
          Lair |   6382 |   6102 |    280 |    820 |   3374 |   5 | 1276.4 |
         Swamp |   3979 |   3785 |    194 |    524 |   1644 |   4 |  994.8 |
   Spider Nest |   5157 |   4990 |    167 |   1368 |   1587 |   4 | 1289.2 |
  Orcish Mines |   2025 |   1701 |    324 |    217 |    992 |   2 | 1012.5 |
   Elven Halls |   4439 |   4242 |    197 |    622 |   1836 |   3 | 1479.7 |
        Vaults |  10122 |   9490 |    632 |   1717 |   4479 |   5 | 2024.4 |
        Depths |   6300 |   5918 |    382 |   1501 |   2486 |   4 | 1575.0 |
           Zot |   8342 |   8186 |    156 |   2796 |   2123 |   5 | 1668.4 |
       Ossuary |    249 |    249 |      0 |      0 |    108 |   1 |  249.0 |
      Ice Cave |    939 |    939 |      0 |    180 |    470 |   1 |  939.0 |
               +--------+--------+--------+--------+--------+-----+--------+

Top non-repeatable levels by time:
Vaults:2: 2596 daAuts
Vaults:5: 2490 daAuts
   Zot:5: 2174 daAuts
     D:5: 2125 daAuts
Depths:4: 2069 daAuts
   Zot:4: 1999 daAuts
   Zot:2: 1970 daAuts
   Elf:3: 1905 daAuts
    D:11: 1889 daAuts
Vaults:1: 1812 daAuts
  Lair:2: 1810 daAuts
    D:10: 1773 daAuts
Vaults:3: 1693 daAuts
     D:2: 1673 daAuts
Depths:3: 1638 daAuts
